 Dungeon Crawl Stone Soup version 0.25.0-1-g7eea58d2a3 (webtiles) character file.

Game seed: 1364788109643247707

4687 mortelune the Protected (level 10, -4/54 HPs)
             Began as a Gargoyle Fighter on June 14, 2020.
             Was a Follower of Okawaru.
             Collided with a rock wall (8 damage)
             ... caused by a wretched star
             ... on level 2 of the Abyss.
             The game lasted 00:15:59 (9206 turns).

mortelune the Protected (Gargoyle Fighter)          Turns: 9206, Time: 00:16:00

Health: -4/54      AC: 29    Str: 19    XL:     10   Next: 44%
Magic:  10/10      EV:  5    Int: -4 (5) God:    Okawaru [*.....]
Gold:   543        SH: 14    Dex:  7    Spells: 9/9 levels left

rFire    . . .     SeeInvis .   a - +1 war axe
rCold    . . .     Gourm    .   c - +1 kite shield
rNeg     + + .     Faith    .   j - +8 chain mail of Goiliany {+Inv rN+ Dex-2}
rPois    ∞         Spirit   .   (no helmet)
rElec    +         Reflect  +   e - +0 cloak {MR+}
rCorr    .         Harm     .   (no gloves)
MR       +....     Rnd*Tele +   q - +0 pair of boots
Stlth    ..........             A - amulet of reflection
HPRegen  0.18/turn              P - ring of poison resistance
MPRegen  0.12/turn              (no ring)

@: slowed, lost intelligence, very slow
A: [blurry vision 2], [dopey 2], [frail 2], negative energy resistance 1,
[screaming 2], electricity resistance, [teleportitis 2], [weak 2], unbreathing,
petrification resistance, [no potion heal 2], rot immunity, AC +7
a: Heroism, Renounce Religion, Evoke Invisibility


You were on level 2 of the Abyss.
You worshipped Okawaru.
Okawaru was aware of your devotion.
You were very hungry.

You visited 2 branches of the dungeon, and saw 10 of its levels.
You visited the Abyss 1 time.
You also visited: Bailey.

You collected 961 gold pieces.
You spent 418 gold pieces at shops.

Inventory:

Hand Weapons
 a - a +1 war axe (weapon)
 y - a +1 vorpal hunting sling
Missiles
 x - 14 boomerangs (quivered)
Armour
 b - a +0 scale mail
 c - a +1 kite shield (worn)
 e - a +0 cloak of magic resistance (worn)
 j - the +8 chain mail of Goiliany (worn) {+Inv rN+ Dex-2}
   (You bought it in a shop on level 6 of the Dungeon)

   It affects your dexterity (-2).
   It protects you from negative energy.
   It lets you turn invisible.
 q - a +0 pair of boots (worn)
Jewellery
 r - an uncursed amulet of magic regeneration
 v - an uncursed amulet of inaccuracy
 A - an amulet of reflection (around neck)
 F - an uncursed ring of flight {unknown}
 G - an uncursed amulet of guardian spirit
 P - a ring of poison resistance (left hand)
Wands
 d - a wand of paralysis (8)
 D - a wand of digging (7)
Scrolls
 g - a scroll of enchant weapon
 i - a scroll of identify
 n - 4 scrolls of enchant armour
 p - 8 scrolls of remove curse
 s - 3 scrolls of amnesia
 t - a scroll of teleportation
Potions
 h - 3 potions of curing {unknown}
 k - 3 potions of stabbing {unknown}
 l - a potion of heal wounds
 m - 2 potions of flight
 o - 2 potions of brilliance {unknown}
 u - a potion of haste
 w - a potion of ambrosia {unknown}
 z - a potion of cancellation {unknown}
 E - a potion of might
Comestibles
 f - 15 rations


   Skills:
 + Level 10.0 Fighting
 + Level 8.2 Axes
 + Level 10.0 Armour
 - Level 3.2 Shields


You had 9 spell levels left.
You didn't know any spells.
Your spell library contained the following spells:

 Spells                   Type           Power        Failure   Level  Hunger
 Apportation              Tloc           #.....       100%        1    ##.....
 Beastly Appendage        Tmut           #.....       100%        1    ##.....
 Magic Dart               Conj           #...         100%        1    ##.....
 Summon Butterflies       Summ           #.......     100%        1    ##.....
 Blink                    Tloc           N/A          100%        2    ###....
 Call Imp                 Summ           #.......     100%        2    ###....
 Slow                     Hex            #.......     100%        2    ###....
 Sticks to Snakes         Tmut           #.......     100%        2    ###....
 Conjure Flame            Conj/Fire      #.......     100%        3    ####...
 Lesser Beckoning         Tloc           #.........   100%        3    ####...
 Mephitic Cloud           Conj/Pois/Air  #.......     100%        3    ####...
 Spider Form              Tmut/Pois      #.........   100%        3    ####...
 Tukima's Dance           Hex            #.......     100%        3    ####...
 Ice Form                 Ice/Tmut       #.......     100%        4    #####..
 Alistair's Intoxication  Tmut/Pois      #.......     100%        5    ######.
 Blade Hands              Tmut           #.........   100%        5    ######.
 Invisibility             Hex            #.......     100%        6    #######


Dungeon Overview and Level Annotations

Branches:
Dungeon (9/15)             Temple (1/1) D:4          Bailey (visited)
   Lair: D:8-11         Orc: D:9-12

Altars:
Ashenzari
Cheibriados
Dithmenos
Elyvilon
Fedhas
Gozag
Hepliaklqana
Kikubaaqudgha
Makhleb
Nemelex Xobeh
Okawaru
Qazlal
Ru
Sif Muna
Trog
Uskayaw
Vehumet
Wu Jian
Xom
Yredelemnul
Zin
The Shining One

Shops:
D:5 =   D:6 *[[

Annotations:
D:3 3 runed translucent doors, NebNelluc's ghost, amateur DEAE
D:4 2 runed translucent doors, kaycho's ghost, novice MfMo
D:8 Psyche


Innate Abilities, Weirdness & Mutations

You are resistant to torment.
Your stone body is resilient. (AC +7)
You are immune to poison.
You resist negative energy. (rN+)
You are resistant to electric shocks. (rElec)
You can survive without breathing.
You are immune to petrification.
You are immune to rotting.
[Scrolls take you longer to read.]
[You are very dopey. (Int -4)]
[You are very frail. (-20% HP)]
[You sometimes yell uncontrollably at your foes.]
[You are sometimes teleported next to monsters.]
[You are very weak. (Str -4)]
[Potions are poor at restoring your health.]


Message History

You are suddenly pulled into a different region of the Abyss!
The quasit disappears in a puff of smoke!
The wretched star dissolves into shadows!
The human dissolves into shadows!
The thrashing horror dissolves into shadows!
You start resting.
A wretched star comes into view.
The wretched star pulses with an eldritch light!
You feel the urge to shout.
You feel a strong urge to yell.
The wretched star glows turbulently.
The lance of force hits you.
* * * LOW HITPOINT WARNING * * *
You are knocked back by the lance of force.
You slam into the rock wall!
The wretched star glows turbulently.
The lance of force hits you!
* * * LOW HITPOINT WARNING * * *
You are knocked back by the lance of force.
You slam into the rock wall!
You die...

#. .# ..
.# ..# ###
#..#
##.##..#
#@...##
##.#..##
#..#.#...
#.*#..#..#
##..#..###
#..#.# #.
#.#...##..
#..# . .#
..# .


You could see a wretched star.

Vanquished Creatures
  Erica (D:8)
  An orc knight (Bailey)
  3 hippogriffs
  A wyvern (D:8)
  A hungry ghost (D:6)
  A small abomination (Abyss:2)
  A phantom (D:3)
  2 ice beasts
  2 orc warriors (Bailey)
  A sky beast (D:6)
  3 ogres
  A centaur (D:7)
  2 big kobolds
  4 bullfrogs
  2 scorpions
  5 killer bees (D:7)
  2 quasits
  2 bullfrog zombies
  3 hounds
  2 iguanas
  2 jellies
  2 orc priests
  4 orc wizards
  Jessica (D:2)
  A centaur skeleton (D:2)
  6 worker ants
  A killer bee zombie (D:5)
  3 hound skeletons
  A howler monkey skeleton (D:6)
  9 adders
  3 shadow imps
  3 oozes
  An adder skeleton (D:7)
  5 worms
  5 dart slugs
  7 leopard geckos
  12 orcs
  4 giant cockroaches
  9 goblins
  9 hobgoblins
  4 jackals (D:4)
  28 kobolds
  5 quokkas
  A ball python (D:4)
  7 bats
  3 frilled lizards
  A quokka skeleton (D:4)
  10 rats
187 creatures vanquished.

Notes
Turn   | Place    | Note
-------+----------+-------------------------------------------
     0 | D:1      | mortelune the Gargoyle Fighter began the quest for the Orb.
     0 | D:1      | Reached XP level 1. HP: 14/14 MP: 1/1
   125 | D:1      | Reached XP level 2. HP: 18/19 MP: 2/2
   402 | D:1      | Reached XP level 3. HP: 23/24 MP: 3/3
   900 | D:2      | Reached XP level 4. HP: 29/29 MP: 4/4
   958 | D:2      | Found an opulent altar of Gozag.
   958 | D:2      | Noticed Jessica
   960 | D:2      | Killed Jessica
   983 | D:2      | Reached XP level 5. HP: 33/34 MP: 5/5
   984 | D:2      | Found an ancient bone altar of Kikubaaqudgha.
   984 | D:2      | Found a shattered altar of Ashenzari.
   986 | D:2      | Found a shimmering altar of Xom.
   986 | D:2      | Found a shadowy altar of Dithmenos.
   986 | D:2      | Found a glowing silver altar of Zin.
  1710 | D:3      | Found a runed translucent gate.
  1711 | D:3      | Found a runed translucent gate.
  1711 | D:3      | Found a runed translucent gate.
  1711 | D:3      | Noticed NebNelluc's ghost (amateur DEAE)
  1945 | D:3      | Found a sacrificial altar of Ru.
  1959 | D:3      | Reached XP level 6. HP: 37/40 MP: 6/6
  2399 | D:4      | Reached skill level 5 in Fighting
  2399 | D:4      | Reached skill level 5 in Armour
  2513 | D:4      | Noticed a phantom
  2570 | D:3      | Killed a phantom
  2828 | D:4      | Reached XP level 7. HP: 26/44 MP: 7/7
  2961 | D:4      | Found a staircase to the Ecumenical Temple.
  2996 | Temple   | Entered the Ecumenical Temple
  3279 | D:4      | Found a large runed translucent door.
  3302 | D:4      | Found a large runed translucent door.
  3324 | D:4      | Noticed kaycho's ghost (novice MfMo)
  3421 | D:4      | Found a stormy altar of Qazlal.
  3421 | D:4      | Found an ornate altar of the Wu Jian Council.
  3481 | D:5      | Entered Level 5 of the Dungeon
  3514 | D:5      | Found Pitin's Jewellery Emporium.
  4654 | D:5      | Found a white marble altar of Elyvilon.
  4699 | D:6      | Found Yliblah's Antique Armour Emporium.
  4704 | D:6      | Bought a steaming chain mail for 247 gold pieces
  4704 | D:6      | Bought a pair of boots for 117 gold pieces
  4719 | D:6      | Identified the +8 chain mail of Goiliany {+Inv rN+ Dex-2}
                  | (You bought it in a shop on level 6 of the Dungeon)
  4739 | D:6      | Noticed a hungry ghost
  4750 | D:6      | Paralysed by fainting for 6 turns
  4803 | D:6      | Killed a hungry ghost
  4803 | D:6      | Reached XP level 8. HP: 52/52 MP: 8/8
  4817 | D:6      | Reached skill level 5 in Axes
  4892 | D:6      | Found a snail-covered altar of Cheibriados.
  5492 | D:7      | Noticed a hippogriff
  5512 | D:7      | Killed a hippogriff
  5768 | D:7      | Noticed a hippogriff
  5795 | D:7      | Killed a hippogriff
  5795 | D:7      | Reached XP level 9. HP: 41/58 MP: 9/9
  6008 | D:7      | Found a bloodstained altar of Trog.
  6008 | D:7      | Found a hide-covered altar of Uskayaw.
  6051 | D:6      | Found Cuitom's Assorted Antiques.
  6315 | D:6      | Bought a scroll of identify for 54 gold pieces
  6410 | D:6      | Found a sparkling altar of Nemelex Xobeh.
  6471 | D:6      | Found Fuczexzy's Antique Armour Boutique.
  6868 | D:8      | Found a flagged portal.
  6877 | Bailey   | Entered a bailey
  7318 | Bailey   | Noticed an orc knight
  7347 | Bailey   | Killed an orc knight
  7354 | Bailey   | Reached XP level 10. HP: 52/66 MP: 10/10
  7536 | Bailey   | Found a bloodstained altar of Trog.
  7671 | D:8      | Noticed Erica
  7869 | D:9      | Found an iron altar of Okawaru.
  7891 | D:9      | Became a worshipper of Warmaster Okawaru
  8184 | D:9      | Found an opulent altar of Gozag.
  8898 | D:8      | Killed Erica
  8898 | D:8      | Reached * piety under Okawaru
  8898 | D:8      | Reached skill level 10 in Fighting
  8898 | D:8      | Reached skill level 10 in Armour
  8948 | D:8      | Noticed Psyche
  8952 | D:8      | Cast into level 2 of the Abyss (Psyche)
  9027 | Abyss:2  | Noticed a wretched star
  9027 | Abyss:2  | Noticed a large abomination
  9111 | Abyss:2  | Noticed a glowing orange brain
  9114 | Abyss:2  | Noticed a glowing orange brain
  9126 | Abyss:2  | Noticed an orange demon
  9134 | Abyss:2  | Lost intelligence.
  9137 | Abyss:2  | Noticed a wretched star
  9138 | Abyss:2  | Noticed a starcursed mass
  9143 | Abyss:2  | Noticed an orb spider
  9146 | Abyss:2  | Noticed a black mamba
  9146 | Abyss:2  | a shapeshifter changed into a black mamba
  9147 | Abyss:2  | Noticed a thrashing horror
  9147 | Abyss:2  | Noticed a thrashing horror
  9147 | Abyss:2  | a black mamba changed into a human
  9201 | Abyss:2  | Noticed a wretched star
  9206 | Abyss:2  | Collided with a rock wall

Illustrated notes

Levels and vault maps discovered:
D:1:      giann_horns, layout_basic
D:2:      layout_basic, doesnt_xom_only_xom, uniq_jessica
D:3:      layout_loops_ring, ebering_ghost_rock_garden,
          nicolae_ru_great_annihilating_truth
D:4:      layout_rooms, grunt_temple_overflow_open,
          minmay_temple_entry_junction, first_ration,
          ebering_ghost_disaster_area
D:5:      layout_loops_ring, elyvilon_altar_3, serial_shops, shop
D:6:      layout_basic, cheibrodos_worm_habitat, serial_shops,
          kennysheep_mini_moat, nicolae_shop_temple_entry_statues_fountains,
          shop, nemelex_dance_club_becter
D:7:      layout_basic, gammafunk_temple_overflow_elements
D:8:      layout_basic, old_standard_altar, serial_curves, eino_curves_02,
          eino_curves_03, enter_bailey_8, uniq_psyche, uniq_erica, uniq_joseph
D:9:      layout_loops_ring, nicolae_gozag_seed_capital, okawaru_gym_becter
Temple:   nicolae_temple_god_jail
Abyss:2:  base: D:4, small_statue_intersection, hangedman_shadowy_showcase

Skill      XL: |  1  2  3  4  5  6  7  8  9 10 |
---------------+-------------------------------+-----
Axes           | 2 3 4 6 7 8 |  8.2
Fighting       | 4 5 6 7 9 10 | 10.0
Armour         | 4 5 6 7 9 10 | 10.0
Shields        | |  3.2

Action                   |  1- 3 |  4- 6 |  7- 9 | 10-12 || total
-------------------------+-------+-------+-------+-------++-------
Melee: War axe           |   118 |   205 |   538 |   143 ||  1004
Throw: Boomerang         |       |       |    17 |       ||    17
Evoke: Wand              |       |       |     1 |       ||     1
       Phantom mirror    |       |       |       |     1 ||     1
  Use: Scroll            |       |     8 |     5 |     2 ||    15
       Potion            |       |       |     2 |     2 ||     4
 Stab: Paralysed         |       |     2 |     6 |       ||     8
       Invisible         |       |       |       |     2 ||     2
  Eat: Chunk             |       |     5 |    11 |     4 ||    20
       Ration            |       |       |     7 |       ||     7
Armor: Scale mail        |    68 |   123 |    65 |       ||   256
       Chain mail        |       |       |   416 |   131 ||   547
Dodge: Dodged            |    25 |    63 |   177 |    34 ||   299
Block: Kite shield       |    75 |   112 |   386 |   117 ||   690
       Reflection        |       |       |       |     2 ||     2
